 Dungeon Crawl Stone Soup version 0.20.0-15-g7f486f2 (console) character file.

4328 removed the Carver (level 10, -13/60 HPs)
             Began as a Deep Elf Fighter on June 11, 2017.
             Was a Believer of Ru.
             Killed from afar by an electric eel (15 damage)
             ... with a bolt of electricity
             ... on level 8 of the Dungeon.
             The game lasted 00:18:01 (12375 turns).

removed the Carver (Deep Elf Fighter)              Turns: 12375, Time: 00:18:02

Health: -13/60     AC: 11    Str: 13    XL:     10   Next: 12%
Magic:  12/12      EV: 17    Int: 19    God:    Ru [**....]
Gold:   329        SH:  8    Dex: 17    Spells: 9/9 levels left

rFire    . . .     SeeInvis .   a - +1 long sword
rCold    . . .     Gourm    .   c - +0 shield
rNeg     . . .     Faith    .   b - +0 scale mail
rPois    .         Spirit   .   n - +1 helmet
rElec    .         Reflect  .   (no cloak)
rCorr    .         Harm     .   S - +2 pair of gloves
MR       +....                  (no boots)
Stlth    ..........             (no amulet)
Regen    0.2/turn               h - +5 ring of evasion
MPRegen  0.2/turn               N - +5 ring of intelligence

@: no status effects
A: inability to use devices
a: Renounce Religion


You were on level 8 of the Dungeon.
You worshipped Ru.
Ru was pleased with you.
You were hungry.

You visited 2 branches of the dungeon, and saw 9 of its levels.
You also visited: Sewer.

You collected 381 gold pieces.
You spent 52 gold pieces at shops.

Inventory:

Hand Weapons
 a - a +1 long sword (weapon)
 t - a +1 dagger of speed
Missiles
 y - 8 javelins (quivered)
Armour
 b - a +0 scale mail (worn)
 c - a +0 shield (worn)
 n - a +1 helmet (worn)
 S - a +2 pair of gloves (worn)
Jewellery
 h - a +5 ring of evasion (left hand)
 I - an uncursed ring of fire
 N - a +5 ring of intelligence (right hand)
Scrolls
 j - 2 scrolls of recharging
 r - a scroll of teleportation
 E - a scroll of remove curse
 J - a scroll of fog
 R - 3 scrolls of enchant weapon
 Y - a scroll of identify
Potions
 d - 5 potions of might
 l - 4 potions of haste
 v - 2 potions of curing
 w - 2 potions of agility
 L - a potion of degeneration
Books
 A - a book of Alchemy

   Spells                             Type                      Level
   a - Sublimation of Blood           Necromancy                   2
   b - Ignite Poison                  Fire/Transmutation/Poison    3
   c - Petrify                        Transmutation/Earth          4
   d - Alistair's Intoxication        Transmutation/Poison         5
   e - Irradiate                      Conjuration/Transmutation    5
 X - a book of Frost

   Spells                             Type                      Level
   a - Freeze                         Ice                          1
   b - Throw Frost                    Conjuration/Ice              2
   c - Ozocubu's Armour               Charms/Ice                   3
   d - Throw Icicle                   Conjuration/Ice              4
   e - Summon Ice Beast               Ice/Summoning                4
Comestibles
 f - 9 bread rations
 o - 2 royal jellies
 B - a meat ration
 O - 3 fruits


   Skills:
 - Level 6.0 Fighting
 + Level 10.0 Long Blades
 - Level 2.4 Armour
 - Level 9.1 Dodging
 - Level 2.4 Shields


You had 9 spell levels left.
You didn't know any spells.

Dungeon Overview and Level Annotations

Branches:
Dungeon (8/15)             Temple (1/1) D:7            Lair (0/6) D:8

Altars:
Ashenzari
Cheibriados
Dithmenos
Elyvilon
Fedhas
Gozag
Hepliaklqana
Kikubaaqudgha
Makhleb
Nemelex Xobeh
Okawaru
Qazlal
Ru
Sif Muna
Trog
Uskayaw
Vehumet
Xom
Yredelemnul
Zin
The Shining One

Shops:
D:4 *

Annotations:
D:2 Sigmund
D:8 1 exclusion


Innate Abilities, Weirdness & Mutations

You cannot study or use magical devices.


Message History

The electric eel is heavily wounded.
The electric eel shoots out a bolt of lightning at you!
The bolt of electricity hits you!
* * * LOW HITPOINT WARNING * * *
The electric eel shoots out a bolt of lightning at you!
The bolt of electricity hits the electric eel.
The electric eel completely resists.
The bolt of electricity hits you!
* * * LOW HITPOINT WARNING * * *
The electric eel shoots out a bolt of lightning at you!
The bolt of electricity hits the electric eel.
The electric eel completely resists.
The bolt of electricity hits you!
* * * LOW HITPOINT WARNING * * *
You focus your will and illuminate the electric eel in retribution!
The electric eel shoots out a bolt of lightning at you!
The bolt of electricity misses you.
Unknown command.
Unknown command.
The electric eel shoots out a bolt of lightning at you!
The bolt of electricity hits you!
You die...

.......)........###.#.......
###########.....# #.#.......
#............# #.+....... ##
#. ####......# ###.......
...#.#####.###..# #.......
........##'####.# ###.#...
.≈..............#######.####
...≈.≈........./[...........
≈.≈.≈......@...#.#####......
≈≈≈;≈.≈........#..####......
≈≈≈≈≈..........##.##........
≈≈≈;.≈≈≈.......##..#.......#
.≈.≈≈≈;≈.......###.#.......#
..≈≈≈≈≈≈.......# #.)#.....##
>.≈≈≈≈≈≈...##### ##.#.....#
..≈≈≈≈≈≈.### #.#.....#
.≈≈≈≈≈≈.# #.......#


You could see an electric eel.

Vanquished Creatures
  The ghost of Dris the Zephyrmancer, a novice TeAE of Vehumet (D:5)
  A troll (D:8)
  A hippogriff (D:8)
  A sky beast (D:6)
  4 orc warriors (D:8)
  An ice beast (D:6)
  3 ogres
  2 phantoms
  3 wolves (D:8)
  4 centaurs
  5 big kobolds (Sewer)
  A bullfrog (D:7)
  2 scorpions
  A howler monkey (D:5)
  An electric eel (D:8)
  3 crimson imps
  5 orc priests
  11 orc wizards
  7 hounds
  2 iguanas (D:6)
  Terence (D:2)
  7 worker ants
  Robin (D:3)
  7 gnolls
  13 adders
  3 river rats
  2 shadow imps
  8 oozes
  An adder zombie (D:7)
  6 worms
  2 dart slugs
  11 leopard geckos
  22 orcs
  5 bats
  5 giant cockroaches
  13 goblins
  9 hobgoblins
  4 jackals
  10 kobolds
  6 quokkas
  7 ball pythons
  3 frilled lizards
  A jackal skeleton (D:4)
  A jackal zombie (D:6)
  15 rats
222 creatures vanquished.

Notes
Turn   | Place    | Note
-------+----------+-------------------------------------------
     0 | D:1      | removed the Deep Elf Fighter began the quest for the Orb.
     0 | D:1      | Reached XP level 1. HP: 13/13 MP: 3/3
    26 | D:1      | Reached skill level 2 in Long Blades
   127 | D:1      | Reached XP level 2. HP: 17/18 MP: 4/4
   340 | D:1      | Reached skill level 3 in Long Blades
   549 | D:1      | Reached XP level 3. HP: 18/22 MP: 5/5
  1120 | D:2      | Noticed Sigmund
  1342 | D:3      | Found a glowing drain.
  1346 | Sewer    | Entered a sewer
  1371 | Sewer    | Reached skill level 4 in Long Blades
  1371 | Sewer    | Reached XP level 4. HP: 27/27 MP: 6/6
  1395 | Sewer    | Noticed a big kobold
  1419 | Sewer    | Killed a big kobold
  1419 | Sewer    | Reached XP level 5. HP: 30/31 MP: 7/7
  1490 | Sewer    | Reached skill level 5 in Long Blades
  1995 | Sewer    | Reached XP level 6. HP: 30/36 MP: 8/8
  2236 | Sewer    | Reached skill level 6 in Long Blades
  2561 | Sewer    | Reached skill level 7 in Long Blades
  2561 | Sewer    | Reached XP level 7. HP: 19/40 MP: 9/9
  3293 | D:3      | Noticed Robin
  3348 | D:3      | Killed Robin
  4053 | D:3      | HP: 1/40 [something/puff of frost (4)]
  4498 | D:2      | Noticed Terence
  4516 | D:2      | Killed Terence
  4760 | D:4      | Found Deenub's Assorted Antiques.
  4762 | D:4      | Bought a scroll labeled GUNUYNLEDAD for 26 gold pieces
  4762 | D:4      | Bought a scroll labeled UBEIXZ ASMA for 26 gold pieces
  4837 | D:3      | Reached skill level 8 in Long Blades
  5043 | D:4      | Reached skill level 1 in Dodging
  5718 | D:5      | Entered Level 5 of the Dungeon
  6079 | D:5      | Noticed Dris's ghost (novice TeAE)
  6272 | D:5      | Reached XP level 8. HP: 45/45 MP: 10/10
  6353 | D:5      | Found a glowing golden altar of the Shining One.
  6495 | D:5      | Killed Dris's ghost
  8424 | D:6      | Reached XP level 9. HP: 50/50 MP: 11/11
  9339 | D:7      | Found a staircase to the Ecumenical Temple.
  9377 | Temple   | Entered the Ecumenical Temple
  9520 | Temple   | Became a worshipper of Ru the Awakened
 10023 | D:8      | Reached skill level 5 in Fighting
 10790 | D:8      | Noticed a troll
 10790 | D:8      | Found a staircase to the Lair.
 10824 | D:8      | Killed a troll
 10824 | D:8      | Reached skill level 9 in Long Blades
 11105 | D:8      | Reached XP level 10. HP: 13/60 MP: 12/12
 11590 | D:8      | Gained mutation: You cannot study or use magical devices. [Ru sacrifice]
 11590 | D:8      | Reached * piety under Ru
 11590 | D:8      | Reached ** piety under Ru
 11889 | D:8      | Reached skill level 10 in Long Blades
 11936 | D:8      | HP: 2/60 [electric eel/bolt of electricity (13)]
 12372 | D:8      | HP: 1/60 [electric eel/bolt of electricity (5)]
 12375 | D:8      | Killed from afar by an electric eel

Skill      XL: |  1  2  3  4  5  6  7  8  9 10 |
---------------+-------------------------------+-----
Long Blades    | 2 3 4 5 7 8 9 10 | 10.0
Dodging        | 3 9 |  9.1
Fighting       | 3 6 |  6.0
Armour         | |  2.4
Shields        | |  2.4

Action                   |  1- 3 |  4- 6 |  7- 9 | 10-12 || total
-------------------------+-------+-------+-------+-------++-------
Melee: Long sword        |   118 |   192 |   867 |    71 ||  1248
Throw: Javelin           |       |       |     3 |       ||     3
Invok: Sacrifice Artific |       |       |       |     1 ||     1
Evoke: Wand              |       |       |     5 |       ||     5
  Use: Scroll            |       |       |    16 |     3 ||    19
       Potion            |       |       |     7 |     2 ||     9
 Stab: Invisible         |       |       |     4 |     1 ||     5
       Distracted        |       |       |     1 |       ||     1
  Eat: Chunk             |     2 |     5 |    28 |     4 ||    39
Armor: Scale mail        |    40 |    40 |   248 |    18 ||   346
       Skin              |       |       |     7 |     2 ||     9
Dodge: Dodged            |    66 |    54 |   490 |    53 ||   663
Block: Shield            |    55 |    55 |   341 |    21 ||   472
       Rpst.: Long sword |    27 |    17 |   136 |    21 ||   201
